 Dungeon Sprint DCSS version 0.22-a0-580-gd5db89c (webtiles) character file.

1143 twistedcrescendo the Fighter (level 8, -9/90 HPs)
             Began as a Gargoyle Berserker on July 2, 2018.
             Was a Priest of Trog.
             Shot with an arrow by a centaur warrior (10 damage)
             ... in the Dungeon (Sprint I: "Red Sonja").
             The game lasted 00:10:02 (1057 turns).

twistedcrescendo the Fighter (Gargoyle Berserker)   Turns: 1057, Time: 00:10:03

Health: -9/90      AC: 17    Str: 28    XL:     8   Next: 37%
Magic:  8/8        EV: 11    Int:  7    God:    Trog [***...]
Gold:   509        SH:  0    Dex: 10    Spells: 7/7 levels left

rFire    . . .     SeeInvis .   a - +0 mace
rCold    . . .     Gourm    .   (no shield)
rNeg     + . .     Faith    .   l - +0 scale mail
rPois    ∞         Spirit   .   (no helmet)
rElec    +         Reflect  .   (no cloak)
rCorr    .         Harm     .   o - +1 pair of gloves
MR       .....     NoTele   +   (no boots)
Stlth    ..........             (no amulet)
HPRegen  0.25/turn              (no ring)
MPRegen  0.11/turn              (no ring)

@: berserking, very quick
A: negative energy resistance 1, electricity resistance, unbreathing,
petrification resistance, rot immunity, AC +5
a: Berserk, Trog's Hand, Renounce Religion


You were in the Dungeon.
You worshipped Trog.
Trog was most pleased with you.
You were very hungry.

You visited 1 branch You collected 755 gold pieces.
You spent 246 gold pieces at shops.

Inventory:

Hand Weapons
 a - a +0 mace (weapon)
 k - a +1 dagger of speed
Armour
 b - a +0 animal skin
 l - a +0 scale mail (worn)
 o - a +1 pair of gloves (worn)
Scrolls
 i - a scroll of blinking
 j - a scroll of identify {unknown}
 m - a scroll of summoning {unknown}
 n - a scroll of remove curse {unknown}
Potions
 d - 4 potions of curing
 e - a potion of heal wounds
 f - a potion of haste
 g - 2 potions of magic
 h - a potion of berserk rage
Comestibles
 c - 2 rations


   Skills:
 + Level 11.6 Fighting
 + Level 10.8 Maces & Flails
 + Level 11.4 Armour
 - Level 1.5 Dodging


You had 7 spell levels left.
You didn't know any spells.
Your spell library was empty.

Dungeon Overview and Level Annotations

Branches:
Dungeon (1/1)

Altars:
Cheibriados
Dithmenos
Elyvilon
Fedhas
Gozag
Hepliaklqana
Kikubaaqudgha
Makhleb
Nemelex Xobeh
Okawaru
Qazlal
Ru
Sif Muna
Trog
Uskayaw
Vehumet
Wu Jian
Xom
Yredelemnul
Zin
The Shining One
Jiyva
Lugonu

Shops:
D }%[

Annotations:
D Sonja


Innate Abilities, Weirdness & Mutations

You are resistant to torment.
Your stone body is resilient. (AC +5)
You are immune to poison.
You resist negative energy. (rN+)
You are resistant to electric shocks. (rElec)
You can survive without breathing.
You are immune to petrification.
You are immune to rotting.


Message History

The centaur warrior hits you.
* * * LOW HITPOINT WARNING * * *
You hit the centaur warrior.
The centaur warrior is heavily wounded.
The centaur warrior hits you.
* * * LOW HITPOINT WARNING * * *
The centaur warrior hits you but does no damage.
You hit the centaur warrior.
The centaur warrior is heavily wounded.
The centaur warrior hits you.
* * * LOW HITPOINT WARNING * * *
The centaur warrior hits you but does no damage.
Your unstable footing causes you to fumble your attack.
The centaur warrior hits you.
* * * LOW HITPOINT WARNING * * *
Your unstable footing causes you to fumble your attack.
The centaur warrior hits you but does no damage.
The centaur warrior wields an uncursed shortbow.
The centaur warrior shoots an arrow.
The arrow hits you!
You die...

##################
<.#..').#).'..#__#
..'..#..'..#..'..+
..#####'#####'#__####
..####..#...#)####§:#
..#__####.(##)#§§§§§#
..#_____##(#_.+§§§c.+
⌠⌠#_.∩(.((..._#§§§c§#
###_..__##_.#+##@####
#_____###'# #§§§.###
###########.####'###.##
∩........'...'...§.'.∩#
##++++####...##########
###.### #.#'#.# #.....#
#..[..#


You could see 2 centaur warriors.

Vanquished Creatures
  A deep troll (D)
  A slime creature (D)
  Sigmund (D)
  A yak (D)
  An ogre (D)
  A jelly (D)
  Ijyb (D)
  2 ballistomycetes (D)
9 creatures vanquished.

Vanquished Creatures (others)
  A gargoyle (D)
  2 ballistomycete spores (D)
3 creatures vanquished.

Grand Total: 12 creatures vanquished

Notes
Turn   | Place    | Note
-------+----------+-------------------------------------------
     0 | D        | twistedcrescendo the Gargoyle Berserker began the quest for the Orb.
     0 | D        | Reached XP level 1. HP: 14/14 MP: 1/1
     1 | D        | Noticed Ijyb
     9 | D        | Killed Ijyb
     9 | D        | Reached XP level 2. HP: 20/20 MP: 2/2
     9 | D        | Reached XP level 3. HP: 25/25 MP: 3/3
    39 | D        | Noticed an ogre
    51 | D        | Killed an ogre
    51 | D        | Reached XP level 4. HP: 15/32 MP: 4/4
   221 | D        | Noticed Sigmund
   252 | D        | Killed Sigmund
   252 | D        | Reached ** piety under Trog
   252 | D        | Reached XP level 5. HP: 25/40 MP: 5/5
   252 | D        | Reached XP level 6. HP: 28/45 MP: 6/6
   375 | D        | Found a burning altar of Makhleb.
   375 | D        | Found a viscous altar of Jiyva.
   375 | D        | Found a shimmering altar of Xom.
   375 | D        | Found a corrupted altar of Lugonu.
   375 | D        | Noticed a slime creature
   376 | D        | Found an ornate altar of the Wu Jian Council.
   376 | D        | Found a deep blue altar of Sif Muna.
   378 | D        | Found a radiant altar of Vehumet.
   389 | D        | Killed a slime creature
   389 | D        | Reached XP level 7. HP: 52/52 MP: 7/7
   397 | D        | Killed a gargoyle
   416 | D        | Found Faiwouv's Food Emporium.
   416 | D        | Found an ancient bone altar of Kikubaaqudgha.
   416 | D        | Found a hazy altar of Hepliaklqana.
   416 | D        | Found a hide-covered altar of Uskayaw.
   416 | D        | Found a basalt altar of Yredelemnul.
   416 | D        | Found an opulent altar of Gozag.
   416 | D        | Found a snail-covered altar of Cheibriados.
   416 | D        | Found a sacrificial altar of Ru.
   416 | D        | Found a shadowy altar of Dithmenos.
   416 | D        | Noticed a yak
   458 | D        | Killed a yak
   458 | D        | Reached *** piety under Trog
   458 | D        | Reached skill level 10 in Fighting
   458 | D        | Reached skill level 10 in Armour
   459 | D        | Found a stormy altar of Qazlal.
   459 | D        | Found a blossoming altar of Fedhas.
   459 | D        | Found a bloodstained altar of Trog.
   459 | D        | Found an iron altar of Okawaru.
   459 | D        | Found a glowing golden altar of the Shining One.
   459 | D        | Found a glowing silver altar of Zin.
   459 | D        | Found a white marble altar of Elyvilon.
   463 | D        | Found a sparkling altar of Nemelex Xobeh.
   467 | D        | Bought a ration for 60 gold pieces
   467 | D        | Bought a ration for 60 gold pieces
   610 | D        | Noticed Sonja
   695 | D        | Found Foklaec's Gadget Boutique.
   752 | D        | Noticed a deep troll
   763 | D        | Killed a deep troll
   763 | D        | Reached skill level 10 in Maces & Flails
   763 | D        | Reached XP level 8. HP: 34/60 MP: 8/8
  1026 | D        | Found Naadiem's Armour Emporium.
  1033 | D        | Bought a +1 pair of gloves for 126 gold pieces
  1044 | D        | Noticed a centaur warrior
  1045 | D        | Noticed a centaur warrior
  1055 | D        | HP: 1/90 [centaur warrior (5)]
  1057 | D        | Shot with an arrow by a centaur warrior

Vault maps used:
D:        dungeon_sprint_1

Skill      XL: |  1  2  3  4  5  6  7 |
---------------+----------------------+-----
Fighting       | 4 6 8 9 11 | 11.6
Maces & Flails | 4 6 7 9 10 | 10.8
Armour         | 4 6 8 9 11 | 11.4
Dodging        | |  1.5

Action                   |  1- 3 |  4- 6 |  7- 9 || total
-------------------------+-------+-------+-------++-------
Melee: Mace              |     7 |       |    32 ||    39
       Dagger            |    12 |    37 |    77 ||   126
Invok: Berserk           |     1 |     1 |     3 ||     5
  Eat: Ration            |       |       |     1 ||     1
       Chunk             |       |       |     1 ||     1
Armor: Animal skin       |     3 |       |       ||     3
       Scale mail        |       |     5 |    59 ||    64
Dodge: Dodged            |     5 |    12 |    46 ||    63

Table legend:
 A = Spawn XP
 B = Non-spawn XP
 C = Spawn XP percentage of total XP
 D = Spawn monster count
 E = Non-spawn monster count
 F = Spawn count percentage of total count
 G = Total turns spent on level
                    A         B        C        D         E        F      G
               +---------+---------+-------+---------+---------+-------+---------
         Total |       0 |    1634 |   0.0 |       0 |       7 |   0.0 |  1057
               +---------+---------+-------+---------+---------+-------+---------
             D |       0 |    1634 |   0.0 |       0 |       7 |   0.0 |  1057
               +---------+---------+-------+---------+---------+-------+---------
